 Dungeon Crawl Stone Soup version 0.23.2-33-g5129a83184 (webtiles) character file.

Game seed: 9558201904894825737

69 Curus the Chopper (level 4, -1/39 HPs)
             Began as a Hill Orc Fighter on Aug 5, 2019.
             Slain by Descartes's ghost (7 damage)
             ... on level 3 of the Dungeon.
             The game lasted 00:07:07 (1806 turns).

Curus the Chopper (Hill Orc Fighter)                Turns: 1806, Time: 00:07:07

Health: -1/39      AC: 10    Str: 20 (23) XL:     4   Next: 20%
Magic:  4/4        EV: 11    Int:  8      God:
Gold:   166        SH:  0    Dex:  9 (11) Spells: 3/3 levels left

rFire    . . .     SeeInvis .   g - +0 battleaxe
rCold    . . .     Gourm    .   (shield currently unavailable)
rNeg     . . .     Faith    .   b - +0 scale mail
rPois    .         Spirit   .   (no helmet)
rElec    .         Reflect  .   (no cloak)
rCorr    .         Harm     .   (no gloves)
MR       .....                  (no boots)
Stlth    ..........             (no amulet)
HPRegen  0.13/turn              l - +4 ring of protection
MPRegen  0.09/turn              (no ring)

@: mighty
A: repulsion field 1, blurry vision 1, high mp 1
a: no special abilities


You were on level 3 of the Dungeon.
You were not hungry.

You visited 1 branch of the dungeon, and saw 3 of its levels.

You collected 166 gold pieces.

Inventory:

Hand Weapons
 a - a +0 war axe
 g - a +0 battleaxe (weapon)
Armour
 b - a +0 scale mail (worn)
 c - a +1 shield
Jewellery
 l - a +4 ring of protection (left hand)
Wands
 h - a wand of flame (16)
Scrolls
 e - 2 scrolls of fear
 i - a scroll of fog
 j - 3 scrolls of identify
Potions
 n - a potion of brilliance
Comestibles
 f - 4 rations
 o - a chunk of flesh


   Skills:
 - Level 3.6 Fighting
 + Level 5.8 Axes
 - Level 3.2 Armour
 - Level 3.2 Shields


You had 3 spell levels left.
You didn't know any spells.
Your spell library was empty.

Dungeon Overview and Level Annotations

Branches:
Dungeon (3/15)

Altars:
Hepliaklqana
Kikubaaqudgha
Zin

Annotations:
D:3 Descartes's ghost, weakling FeWn


Innate Abilities, Weirdness & Mutations

You are surrounded by a mild repulsion field. (EV +2)
Scrolls take you a little longer to read.
You have an increased reservoir of magic. (+10% MP)


Message History

* * * LOW HITPOINT WARNING * * *
You closely miss Descartes's ghost.
Descartes's ghost is heavily damaged.
Descartes's ghost hits you but does no damage.
You closely miss Descartes's ghost.
Descartes's ghost is heavily damaged.
Descartes's ghost hits you but does no damage.
Descartes's ghost hits you.
* * * LOW HITPOINT WARNING * * *
You closely miss Descartes's ghost.
Descartes's ghost is heavily damaged.
Descartes's ghost barely misses you.
You miss Descartes's ghost.
Descartes's ghost is heavily damaged.
Descartes's ghost hits you but does no damage.
You miss Descartes's ghost.
Descartes's ghost is heavily damaged.
Descartes's ghost says, "I shall send you to the shadows!"
Descartes's ghost hits you!
You die...

### #♣8♣# # #.?.#..#
...####W##..#.#
.......@.......
#######.....#.. #.#.. #
#..........
.#.#.#.#######.##....###
.#.#.#...............#
...............####.#
##.#.#######..).####...
...#.#..................
.......##.............##


You could see Descartes's ghost.

Vanquished Creatures
  3 adders
  An ooze (D:2)
  2 leopard geckos (D:3)
  7 bats
  2 giant cockroaches (D:1)
  5 goblins
  A hobgoblin (D:3)
  7 kobolds
  4 frilled lizards
  6 rats
38 creatures vanquished.

Notes
Turn   | Place    | Note
-------+----------+-------------------------------------------
     0 | D:1      | Curus the Hill Orc Fighter began the quest for the Orb.
     0 | D:1      | Reached XP level 1. HP: 19/19 MP: 1/1
    47 | D:1      | Reached skill level 3 in Axes
   143 | D:1      | Reached XP level 2. HP: 26/26 MP: 2/2
   195 | D:1      | Gained mutation: You have an increased reservoir of magic.
                  | (+10% MP) [potion of mutation]
   195 | D:1      | Gained mutation: Scrolls take you a little longer to read.
                  | [potion of mutation]
   195 | D:1      | Gained mutation: You are surrounded by a mild repulsion
                  | field. (EV +2) [potion of mutation]
   348 | D:1      | Reached skill level 4 in Axes
   750 | D:2      | Reached XP level 3. HP: 23/31 MP: 3/3
   797 | D:2      | Found a hazy altar of Hepliaklqana.
  1199 | D:2      | Reached skill level 5 in Axes
  1334 | D:2      | Found a glowing silver altar of Zin.
  1401 | D:2      | Found an ancient bone altar of Kikubaaqudgha.
  1610 | D:3      | Reached XP level 4. HP: 34/39 MP: 4/4
  1780 | D:3      | Found a runed translucent door.
  1780 | D:3      | Noticed Descartes's ghost (weakling FeWn)
  1806 | D:3      | Slain by Descartes's ghost

Skill      XL: |  1  2  3 |
---------------+----------+-----
Axes           | 3 4 5 |  5.8
Fighting       | |  3.6
Armour         | |  3.2
Shields        | |  3.2

Action                   |  1- 3 |  4- 6 || total
-------------------------+-------+-------++-------
Melee: War axe           |    75 |       ||    75
       Battleaxe         |    40 |    46 ||    86
  Use: Scroll            |     8 |       ||     8
       Potion            |     5 |     3 ||     8
  Eat: Chunk             |     2 |     1 ||     3
Armor: Scale mail        |    58 |    27 ||    85
Dodge: Dodged            |    49 |    31 ||    80
Block: Shield            |    38 |       ||    38
